AoeStats
← ITA | MarknighT

Golden Pit

509292081Analyzed
1v1 RM · 7d ago on Sep 26, 2026· 52m 52s· 2 players
Game mode
Random Map
Map size
Tiny (2 player)
Population
200
Speed
Normal
Resources
Standard
Victory
Conquest
Starting age
Dark Age
Ending age
Imperial Age
RankedLock teamsTeams togetherTeam positionsShared explorationLock speedFull tech treeHidden civsTurbo modeCheats
Victory
Defeat
🇩🇪 Vikings · Germany
1931
+17
🇮🇹 Chinese · Italy
1942
-17
nW | Abejorro
7:22 Loom
9:32 Feudal Age
10:02 Double-Bit Axe
19:40 Castle Age
17:54 Forging
17:54 Man-at-Arms
20:46 Squires
20:07 Long Swordsman
22:32 Horse Collar
23:04 Bow Saw
23:55 Scale Mail Armor
27:05 Chain Mail Armor
29:39 Chain Mail Armor
32:33 Devotion
34:35 Fervor
34:27 Atonement
34:19 Town Watch
40:14 Imperial Age
38:20 Heavy Plow
38:12 Pikeman
42:09 Plate Mail Armor
42:52 Fletching
44:46 Bodkin Arrow
46:14 Bracer
46:15 Padded Archer Armor
47:23 Ballistics
48:04 Chemistry
48:35 Conscription
49:05 Leather Archer Armor
48:22 Crossbowman
49:36 Bogsveigar
49:21 Elite Skirmisher
49:24 Arbalester
52:39 Ring Archer Armor
52:44 Iron Casting
ITA | MarknighT
0:26 Loom
9:34 Feudal Age
10:12 Double-Bit Axe
13:00 Town Watch
19:39 Castle Age
18:04 Gold Mining
17:54 Horse Collar
18:54 Bloodlines
19:45 Forging
20:50 Bow Saw
20:51 Scale Barding Armor
21:26 Wheelbarrow
24:10 Sanctity
26:46 Wheelbarrow
28:19 Forging
29:23 Heavy Plow
33:12 Iron Casting
34:55 Fletching
36:18 Fervor
41:03 Imperial Age
41:10 Imperial Age
38:28 Town Watch
39:45 Hand Cart
39:58 Bodkin Arrow
41:59 Bracer
43:37 Ballistics
44:53 Rocketry
46:21 Chemistry
45:43 Masonry
46:35 Chemistry
46:06 Stone Mining
49:23 Light Cavalry
50:03 Husbandry
51:16 Chain Barding Armor
51:12 Padded Archer Armor
53:12 Plate Barding Armor
Connection lost

Rejoining the realm…

Still unreachable

The connection could not be restored.

Session expired

The server has moved on; the page needs a fresh start.